Map: [ESL] Moondance

Players

ShoWTimE - Winner!

  • Race: Protoss Protoss
  • Spawn Location: 12:00

HeroMarine

  • Race: Terran Terran
  • Spawn Location: 6:00

Event: DreamHack SC2 Masters 2022 Atlanta (Offline)

VOD

Have the link to the VOD?

Description

Time

  • Played on: Nov. 18, 2022, 6:03 p.m.
  • Length: 8:48

All games in this series

Show
View Real Time Build Order
Export as new Build Order

ShoWTimE Protoss - Winner!

Build Orders: 1 Gate Expand, Oracle Opening, Phoenix Opening 

Get SALT Encoding   

  12  0:00  Probe  
  13  0:12  Probe  
  14  0:17  Pylon  
  14  0:24  Probe  
  15  0:34  Gateway  
  15  0:36  Probe (Chrono Boost)  
  16  0:46  Probe (Chrono Boost), Assimilator  
  17  0:51  Probe (Chrono Boost)  
  18  1:03  Probe  
  19  1:15  Probe  
  20  1:22  Cybernetics Core  
  20  1:34  Nexus  
  20  1:36  Probe  
  21  1:44  Pylon  
  21  1:48  Probe  
  21  1:52  Assimilator  
  22  1:59  Adept (Chrono Boost)  
  22  2:00  Probe  
  25  2:12  Probe  
  26  2:20  Stargate  
  26  2:21  Adept (Chrono Boost)  
  26  2:24  Probe  
  29  2:36  Probe  
  30  2:39  Shield Battery  
  30  2:45  Adept (Chrono Boost)  
  30  2:48  Probe  
  30  2:49  Warp Gate, Probe  
  34  3:00  Probe  
  34  3:01  Probe  
  34  3:04  Oracle (Chrono Boost)  
  36  3:12  Probe  
  40  3:13  Probe  
  40  3:15  Adept  
  43  3:21  Pylon  
  43  3:24  Probe  
  43  3:25  Probe  
  45  3:36  Probe  
  45  3:39  Phoenix (Chrono Boost), Probe  
  49  3:44  Gateway  
  49  3:48  Probe  
  49  3:50  Gateway  
  49  3:52  Probe  
  49  3:55  Pylon  
  51  4:00  Probe  
  51  4:02  Phoenix (Chrono Boost)  
  52  4:06  Assimilator  
  54  4:10  Pylon  
  54  4:13  Probe  
  54  4:15  Probe, Assimilator  
  56  4:20  Pylon  
  56  4:23  Phoenix (Chrono Boost)  
  58  4:25  Probe  
  58  4:31  Probe  
  60  4:39  Stalker  
  60  4:44  Stalker  
  60  4:45  Phoenix (Chrono Boost), Probe  
  64  4:54  Stalker  
  64  4:58  Pylon  
  66  5:05  Stalker  
  66  5:06  Probe  
  65  5:08  Phoenix  
  65  5:12  Robotics Facility  
  65  5:20  Stalker x2  
  69  5:25  Pylon  
  67  5:38  Nexus, Probe x2  
  69  5:44  Twilight Council, Phoenix  
  69  5:50  Probe x2  
  71  5:57  Shield Battery  
  71  6:00  Robotics Bay  
  71  6:01  Observer (Chrono Boost)  
  71  6:02  Probe  
  71  6:03  Probe  
  74  6:08  Gateway  
  74  6:15  Probe x2, Gateway  
  76  6:19  Immortal (Chrono Boost)  
  76  6:22  Charge (Chrono Boost)  
  80  6:27  Probe  
  80  6:29  Sentry  
  80  6:30  Probe  
  84  6:38  Stalker x2  
  88  6:40  Probe  
  87  6:47  Disruptor (Chrono Boost)  
  87  6:51  Shield Battery  
  90  6:55  Probe x2  
  90  6:56  Probe  
  90  7:00  Pylon  
  90  7:01  Zealot x2  
  97  7:05  Zealot  
  97  7:07  Probe  
  100  7:09  Forge  
  100  7:11  Observer  
  100  7:13  Phoenix  
  100  7:15  Pylon  
  102  7:17  Disruptor (Chrono Boost)  
  102  7:18  Zealot  
  102  7:22  Probe x2  
  109  7:24  Probe  
  109  7:27  Zealot  
  109  7:28  Zealot  
  114  7:33  Zealot  
  114  7:34  Zealot  
  114  7:36  Probe x3  
  121  7:40  Pylon  
  121  7:41  Pylon  
  121  7:44  Zealot  
  120  7:59  Zealot x4  
  120  8:02  Observer  
  126  8:06  Probe x2  
  126  8:10  Assimilator  
  131  8:14  Forge, Assimilator  
  131  8:15  Probe  
  131  8:18  Probe x2  
  134  8:22  Zealot x3  
  134  8:26  Pylon  
  134  8:47  Zealot x5  
Show
View Real Time Build Order
Export as new Build Order

HeroMarine Terran 

Build Orders:  

Get SALT Encoding   

  12  0:00  SCV  
  13  0:12  SCV  
  14  0:16  Supply Depot  
  14  0:24  SCV  
  15  0:38  SCV  
  15  0:39  Barracks  
  16  0:43  Refinery  
  16  0:50  SCV  
  16  0:52  Refinery  
  17  1:02  SCV  
  18  1:14  SCV  
  19  1:27  Supply Depot, Reaper  
  19  1:28  Orbital Command  
  20  1:41  Factory  
  20  1:53  SCV  
  21  2:00  Barracks Reactor  
  21  2:05  SCV  
  22  2:17  Command Center  
  22  2:19  SCV  
  25  2:31  Starport  
  25  2:32  SCV  
  25  2:36  Marine  
  25  2:37  Marine  
  25  2:40  Widow Mine  
  28  2:44  SCV  
  28  2:48  Supply Depot  
  28  2:54  Marine  
  28  2:55  Marine  
  28  2:56  SCV  
  31  3:01  Factory Tech Lab  
  31  3:10  SCV  
  32  3:13  Medivac  
  32  3:15  Marine x2  
  36  3:22  Cyclone  
  39  3:28  SCV  
  39  3:31  Orbital Command  
  40  3:35  Marine x2  
  40  3:40  SCV  
  43  3:45  Viking  
  45  3:55  Supply Depot, Cyclone  
  48  4:01  Marine x2  
  48  4:02  SCV  
  51  4:04  SCV  
  52  4:14  SCV  
  52  4:16  Viking, SCV  
  56  4:24  Marine  
  56  4:25  Supply Depot, Marine  
  56  4:26  SCV  
  56  4:28  SCV  
  60  4:37  Cyclone  
  61  4:38  SCV  
  61  4:41  SCV  
  62  4:46  Marine  
  62  4:47  Supply Depot  
  62  4:50  Marine  
  64  4:53  SCV x2  
  64  4:55  Viking  
  68  5:00  Supply Depot  
  68  5:02  Barracks  
  68  5:04  Marine  
  68  5:05  SCV x2  
  65  5:09  Marine  
  65  5:12  Siege Tank  
  65  5:17  SCV  
  65  5:18  SCV  
  67  5:22  Marine  
  67  5:26  Engineering Bay  
  67  5:27  Marine  
  65  5:36  SCV  
  65  5:37  SCV  
  65  5:38  Starport Tech Lab  
  65  5:40  Marine  
  65  5:41  Barracks  
  68  5:45  Marine  
  68  5:48  Siege Tank  
  68  5:49  SCV x2  
  72  5:55  Refinery, Terran Infantry Weapons Level 1  
  72  5:57  Marine  
  72  6:00  Missile Turret  
  72  6:01  SCV x2  
  72  6:03  Marine  
  76  6:05  Starport Reactor  
  76  6:07  Marine  
  76  6:10  Supply Depot  
  77  6:11  Refinery  
  77  6:13  SCV x2  
  77  6:14  Stimpack  
  77  6:15  Marine  
  80  6:20  Supply Depot  
  80  6:21  Marine  
  80  6:25  SCV x2, Marine  
  84  6:32  Factory Reactor  
  84  6:35  Combat Shield  
  84  6:36  Marine x2  
  84  6:37  Command Center  
  84  6:38  SCV x2  
  84  6:43  Marine x2  
  85  6:49  Medivac  
  85  6:50  SCV x2  
  88  6:54  Marine  
  88  6:55  Marine  
  88  6:56  Medivac  
  88  7:00  Marine  
  88  7:01  Marine  
  94  7:02  SCV x2  
  94  7:04  Missile Turret  
  96  7:12  Marine  
  96  7:13  Supply Depot, Marine  
  96  7:14  Widow Mine x2  
  103  7:18  Marine x2  
  104  7:23  Medivac  
  104  7:29  Medivac  
  108  7:30  Barracks, Marine  
  108  7:32  Barracks, Marine  
  108  7:35  SCV  
  108  7:36  SCV, Marine  
  113  7:38  Marine  
  114  7:47  SCV  
  114  7:48  SCV, Marine  
  114  7:51  Marine  
  102  7:54  Widow Mine x2, Marine  
  102  7:55  Medivac  
  96  7:58  SCV  
  96  7:59  SCV  
  96  8:05  Medivac, Marine  
  93  8:06  SCV  
  93  8:12  Marauder x2  
  97  8:14  Orbital Command  
  97  8:15  SCV, Widow Mine  
  99  8:20  Barracks Reactor  
  99  8:21  Barracks Tech Lab, Marine  
  99  8:23  SCV, Marine  
  98  8:31  SCV  
Tags
 
Add a new tag
Caveats
  • Supply blocks, unpowered buildings, or Contaminate may cause inaccurate times.
  • Supply counts are checked every 10 seconds.